 Dungeon Crawl Stone Soup version 0.21.0-3-g78d12a8 (webtiles) character file.

9865 Coron the Mender (level 11, -8/98 HPs)
             Began as a Deep Dwarf Wizard on Jan 10, 2018.
             Was a Priest of Elyvilon.
             Mangled by Urug
             ... wielding a +8 great sword
              (25 damage)
             ... on level 10 of the Dungeon.
             The game lasted 00:52:36 (11607 turns).

Coron the Mender (Deep Dwarf Wizard)               Turns: 11607, Time: 00:52:37

Health: -8/98      AC: 15    Str: 15    XL:     11   Next: 28%
Magic:  14/14      EV: 11    Int: 18    God:    Elyvilon [***...]
Gold:   430        SH: 11    Dex: 21    Spells: 11/16 levels left

rFire    . . .     SeeInvis .   q - +2 hand axe (flame)
rCold    . . .     Gourm    .   p - +0 shield
rNeg     . . .     Faith    .   k - +0 chain mail
rPois    .         Spirit   .   n - +1 helmet
rElec    .         Reflect  .   r - scarf {repulsion}
rCorr    .         Harm     .   (no gloves)
MR       +....                  l - +0 pair of boots
Stlth    ..........             (no amulet)
HPRegen  0.00/turn              a - +5 ring of dexterity
MPRegen  0.14/turn              (no ring)

@: agile, non-regenerating, drained, repel missiles
A: damage resistance, heal wounds, sense surroundings 2, no regeneration
a: Heal Wounds, Lesser Healing, Heal Other, Purification, Divine Protection,
Renounce Religion


You were on level 10 of the Dungeon.
You worshipped Elyvilon.
Elyvilon was most pleased with you.
You were not hungry.

You visited 3 branches of the dungeon, and saw 12 of its levels.

You collected 430 gold pieces.

Inventory:

Hand Weapons
 q - a +2 hand axe of flaming (weapon)
 y - a +0 war axe
Missiles
 s - 3 tomahawks
 u - 2 tomahawks of returning (quivered)
 F - 4 javelins
Armour
 e - a +0 buckler
 k - a +0 chain mail (worn)
 l - a +0 pair of boots (worn)
 n - a +1 helmet (worn)
 p - a +0 shield (worn)
 r - a scarf of repulsion (worn)
Jewellery
 a - a +5 ring of dexterity (left hand)
Wands
 g - a wand of enslavement (12)
Scrolls
 h - 4 scrolls of teleportation
 i - 2 scrolls of identify
 m - a scroll of fog
 v - a scroll of fear
 w - a scroll of amnesia
 x - 3 scrolls of remove curse
 D - a scroll of enchant weapon {unknown}
 H - a scroll of enchant armour
Potions
 b - 2 potions of resistance
 j - 2 potions of mutation
 o - 2 potions of agility
 t - a potion of lignification
 z - 2 potions of degeneration
 A - a potion of cancellation
 E - a potion of haste
 G - a potion of curing {unknown}
Books
 c - a book of Minor Magic

   Spells                             Type                      Level
   a - Magic Dart                     Conjuration                  1
   b - Blink                          Translocation                2
   c - Call Imp                       Summoning                    2
   d - Slow                           Hexes                        2
   e - Conjure Flame                  Conjuration/Fire             3
   f - Mephitic Cloud                 Conjuration/Poison/Air       3
 C - a book of Misfortune

   Spells                             Type                      Level
   a - Confusing Touch                Hexes                        1
   b - Confuse                        Hexes                        3
   c - Gell's Gravitas                Translocation                3
   d - Petrify                        Transmutation/Earth          4
   e - Metabolic Englaciation         Hexes/Ice                    5
   f - Yara's Violent Unravelling     Hexes/Transmutation          5
Comestibles
 d - 10 rations


   Skills:
 + Level 6.3(5.8) Fighting
 - Level 8.4(7.9) Axes
 + Level 9.3(8.8) Armour
 - Level 2.1(1.7) Dodging
 - Level 2.4(1.9) Stealth
 - Level 7.0(6.5) Shields
 - Level 3.2(2.7) Spellcasting
 - Level 1.1(0.7) Conjurations
 - Level 0.8(0.4) Summonings
 - Level 1.1(0.6) Translocations
 + Level 10.5(9.9) Invocations
 - Level 5.5(5.0) Evocations


You had 11 spell levels left.
You knew the following spells:

 Your Spells              Type           Power        Failure   Level  Hunger
a - Magic Dart            Conj           #...         99%         1    #......
b - Call Imp              Summ           #.......     100%        2    ##.....
c - Blink                 Tloc           N/A          100%        2    ##.....


Dungeon Overview and Level Annotations

Branches:
Dungeon (10/15)            Temple (1/1) D:6            Lair (1/6) D:8
    Orc: D:9-12

Altars:
Ashenzari
Cheibriados
Dithmenos
Elyvilon
Fedhas
Gozag
Hepliaklqana
Kikubaaqudgha
Makhleb
Nemelex Xobeh
Okawaru
Qazlal
Ru
Sif Muna
Trog
Uskayaw
Vehumet
Wu Jian
Xom
Yredelemnul
Zin
The Shining One

Annotations:
D:5 exclusion: centaur, Menkaure
D:9 exclusion: 2 downstairs
D:10 Josephine, Psyche, Urug


Innate Abilities, Weirdness & Mutations

You are resistant to damage.
You can heal yourself by infusing magical energy.
You passively map the area around you.
You do not regenerate.


Message History

You hit Urug. You burn Urug.
Urug is moderately wounded.
You barely miss the crimson imp.
Urug hits you with an enchanted great sword!!
* * * LOW HITPOINT WARNING * * *
The crimson imp barely misses you.
You hit Urug. You burn Urug.
Urug is heavily wounded.
Your shield and chain mail prevent you from hitting the crimson imp.
The crimson imp hits you.
You hit Urug. You burn Urug.
Urug is heavily wounded.
You hit the crimson imp.
Urug hits you with an enchanted great sword!
* * * LOW HITPOINT WARNING * * *
You hit Urug but do no damage.
Urug is heavily wounded.
You barely miss the crimson imp. You block the crimson imp's attack.
Urug hits you with an enchanted great sword!!
You die...

#..........<...............####
######...........#######.......
###########.# #.###### #.# #.#
# #.# #[# # #.# ##.######
#########(# #........
..........# #.#######
......5@..# #.# # * ......o...#
#.# # * * ,..........######.# #
, ,, .....(...........# #
.................## #
.......................# # ,
,............############ #
............# # , ....5.......#
#


You could see Urug and a crimson imp.

Vanquished Creatures
  A centaur warrior (D:9)
  3 two-headed ogres
  A black mamba (Lair:1)
  Maurice (D:9)
  2 trolls (D:9)
  Grinder (D:3)
  A hippogriff (D:7)
  Sigmund (D:3)
  9 yaks
  A porcupine (Lair:1)
  2 water moccasins (Lair:1)
  A sky beast (D:6)
  An ice beast (D:7)
  A black bear (D:8)
  3 orc warriors
  8 ogres
  A necrophage (D:6)
  2 phantoms
  A centaur (D:9)
  A crocodile (D:10)
  6 bullfrogs
  3 scorpions
  7 wights
  6 howler monkeys
  A bullfrog zombie (D:7)
  2 crimson imps
  A jelly (D:8)
  A quasit (D:8)
  A gnoll shaman (D:7)
  An orc priest (D:7)
  6 hounds
  3 orc wizards
  4 bullfrog skeletons
  A centaur skeleton (D:9)
  2 iguanas (D:6)
  Ijyb (D:3)
  7 worker ants
  A killer bee zombie (D:8)
  A hound zombie (D:7)
  A hound skeleton (D:4)
  Robin (D:2)
  8 gnolls
  10 adders
  2 shadow imps
  An ooze (D:2)
  2 adder skeletons
  3 worms
  3 dart slugs
  4 leopard geckos
  31 orcs
  5 giant cockroaches
  19 goblins
  13 hobgoblins
  12 jackals
  4 quokkas
  8 bats
  5 frilled lizards
  A jackal skeleton (D:5)
  5 kobolds
  10 rats
245 creatures vanquished.

Vanquished Creatures (collateral kills)
  An ice beast (D:4)
  A sky beast (D:5)
  A crimson imp (D:5)
  A centaur skeleton (D:5)
  A hound (D:4)
  3 gnolls (D:3)
  4 worms
  A leopard gecko (D:3)
  An orc (D:5)
  2 goblins (D:3)
  2 hobgoblins (D:3)
  A jackal (D:3)
  A kobold (D:3)
  A rat (D:3)
21 creatures vanquished.

Vanquished Creatures (others)
  A water moccasin (D:9)
  A wight (D:8)
2 creatures vanquished.

Grand Total: 268 creatures vanquished

Notes
Turn   | Place    | Note
-------+----------+-------------------------------------------
     0 | D:1      | Coron the Deep Dwarf Wizard began the quest for the Orb.
     0 | D:1      | Reached XP level 1. HP: 15/15 MP: 4/4
    86 | D:1      | Reached skill level 1 in Conjurations
   267 | D:1      | Reached skill level 1 in Shields
   267 | D:1      | Reached XP level 2. HP: 22/22 MP: 0/5
   767 | D:1      | Reached XP level 3. HP: 25/28 MP: 0/7
  1952 | D:2      | Found a basalt altar of Yredelemnul.
  2218 | D:2      | Reached skill level 1 in Fighting
  2444 | D:2      | Learned a level 2 spell: Call Imp
  2475 | D:2      | Reached XP level 4. HP: 17/38 MP: 2/8
  2623 | D:2      | Reached skill level 1 in Armour
  2662 | D:3      | Noticed Sigmund
  3127 | D:3      | Noticed Robin
  3216 | D:3      | Noticed Ijyb
  3386 | D:3      | Reached XP level 5. HP: 28/45 MP: 8/8
  3416 | D:3      | Killed Ijyb
  3509 | D:2      | Killed Robin
  3743 | D:3      | Found an iron altar of Okawaru.
  3877 | D:3      | Killed Sigmund
  3877 | D:3      | Reached XP level 6. HP: 34/55 MP: 6/9
  3919 | D:3      | Noticed Grinder
  3921 | D:3      | Paralysed by Grinder for 4 turns
  4005 | D:3      | Killed Grinder
  4005 | D:3      | Reached XP level 7. HP: 18/62 MP: 1/9
  4198 | D:4      | Found a shadowy altar of Dithmenos.
  5012 | D:5      | Entered Level 5 of the Dungeon
  5124 | D:5      | Noticed Menkaure
  5200 | D:5      | Reached skill level 5 in Armour
  5237 | D:5      | Found a white marble altar of Elyvilon.
  5256 | D:5      | Became a worshipper of Elyvilon the Healer
  5338 | D:5      | Found a blossoming altar of Fedhas.
  5473 | D:5      | Learned a level 2 spell: Blink
  5735 | D:5      | Found a blossoming altar of Fedhas.
  5815 | D:5      | Reached skill level 1 in Invocations
  6108 | D:5      | Reached * piety under Elyvilon
  6203 | D:5      | Reached skill level 2 in Invocations
  6203 | D:5      | Reached XP level 8. HP: 63/72 MP: 9/9
  6739 | D:6      | Found a hazy altar of Hepliaklqana.
  6764 | D:6      | Reached skill level 3 in Invocations
  6793 | D:6      | Reached skill level 4 in Invocations
  6811 | D:6      | Found a staircase to the Ecumenical Temple.
  6877 | D:6      | Reached skill level 5 in Invocations
  6928 | D:6      | Reached skill level 5 in Shields
  6994 | D:6      | Reached skill level 6 in Invocations
  7010 | Temple   | Entered the Ecumenical Temple
  7183 | D:6      | Reached skill level 7 in Invocations
  7398 | D:6      | Gained mutation: You passively map the area around you. [Deep Dwarf growth]
  7398 | D:6      | Reached XP level 9. HP: 50/78 MP: 10/10
  7711 | D:7      | Reached ** piety under Elyvilon
  7751 | D:7      | Reached skill level 8 in Invocations
  7926 | D:7      | Reached skill level 5 in Axes
  8032 | D:7      | Found a snail-covered altar of Cheibriados.
  8965 | D:8      | Reached skill level 1 in Evocations
  9114 | D:8      | Found a snail-covered altar of Cheibriados.
  9114 | D:8      | Found a sacrificial altar of Ru.
  9150 | D:8      | Reached *** piety under Elyvilon
  9222 | D:8      | Noticed a two-headed ogre
  9229 | D:8      | Killed a two-headed ogre
  9255 | D:8      | Found a staircase to the Lair.
  9263 | D:8      | Reached XP level 10. HP: 76/85 MP: 8/12
  9668 | D:9      | Noticed a centaur warrior
  9699 | D:9      | Killed a centaur warrior
  9699 | D:9      | Reached skill level 5 in Evocations
  9754 | D:9      | Noticed a two-headed ogre
  9899 | D:9      | Noticed Maurice
 10059 | D:9      | Killed Maurice
 10177 | D:9      | Killed a two-headed ogre
 10177 | D:9      | Reached skill level 5 in Fighting
 10177 | D:9      | Reached skill level 9 in Invocations
 10750 | D:10     | Entered Level 10 of the Dungeon
 10750 | D:10     | Noticed Psyche
 10755 | D:10     | Noticed a two-headed ogre
 10772 | D:10     | Noticed Urug
 10847 | Lair:1   | Entered Level 1 of the Lair of Beasts
 10858 | Lair:1   | Reached XP level 11. HP: 86/96 MP: 14/14
 10959 | Lair:1   | Reached skill level 10 in Invocations
 11189 | D:10     | Killed a two-headed ogre
 11198 | D:10     | Noticed Josephine
 11607 | D:10     | Mangled by Urug

Skill      XL: |  1  2  3  4  5  6  7  8  9 10 11 |
---------------+----------------------------------+-----
Conjurations   | 1 |  1.1
Shields        | 1 2 3 4 5 7 |  7.0
Spellcasting   | 3 |  3.2
Fighting       | 1 2 3 4 5 6 |  6.3
Armour         | 1 3 5 7 8 9 |  9.3
Axes           | 2 4 6 8 |  8.4
Invocations    | 2 7 8 9 10 | 10.5
Evocations     | 3 5 |  5.5
Dodging        | |  2.1
Stealth        | |  2.4
Summonings     | |  0.8
Translocations | |  1.1

Action                   |  1- 3 |  4- 6 |  7- 9 | 10-12 || total
-------------------------+-------+-------+-------+-------++-------
Melee: Short sword       |    35 |       |       |       ||    35
       Hand axe          |    31 |   155 |   398 |   390 ||   974
       War axe           |       |       |   270 |       ||   270
Throw: Tomahawk          |       |       |       |     2 ||     2
 Cast: Magic Dart        |   107 |       |    24 |       ||   131
       Call Imp          |     1 |    24 |    14 |       ||    39
Invok: Lesser Healing    |       |       |    30 |    48 ||    78
 Abil: Heal Wounds       |     2 |     4 |    11 |     2 ||    19
Evoke: Wand              |       |     6 |    11 |     6 ||    23
  Use: Scroll            |     1 |     3 |     8 |     5 ||    17
       Potion            |       |       |       |     5 ||     5
 Stab: Sleeping          |       |     2 |     4 |       ||     6
       Distracted        |       |       |     1 |       ||     1
  Eat: Chunk             |     5 |     6 |    24 |    15 ||    50
Armor: Robe              |     6 |       |       |       ||     6
       Leather armour    |    10 |    46 |    31 |       ||    87
       Ring mail         |       |       |    19 |       ||    19
       Scale mail        |       |       |   179 |       ||   179
       Chain mail        |       |       |    89 |   152 ||   241
Dodge: Dodged            |    50 |    89 |   242 |    83 ||   464
       Deflected         |       |       |       |     1 ||     1
Block: Buckler           |    12 |    29 |    22 |       ||    63
       Shield            |       |       |   299 |   210 ||   509
